cohdb
Replays
Latest Replays
All Replays
Popular Replays
Top Player Replays
Match Explorer
How It Works
Community
CoH3 Stats
Reddit
Sign in to upload your games and track your stats! →
Sign in with Steam
Match 26913163
Unlisted
Match 26913163
Overview
Messages
Build Orders
End
Construct Section Command Post
Infantry Section
Vickers Machine Gun Team
ML 3-inch Mortar Team
ML 3-inch Mortar Team
Dingo Light Scout Car
Selects Air and Sea Battlegroup
Construct Field Infirmary
Infantry Section
Construct Platoon Command Post
CMP 15cwt Truck
Vickers Machine Gun Team
6-pounder Anti-tank Gun Team
Selects Commando Section Paradrop
Selects Commando LMG Section Paradrop
Royal Engineer Section
Infantry Section
Construct Company Command Post
Matilda II Heavy Tank
Commando LMG Section Paradrop
Royal Engineer Section
Selects Supply Surplus
Selects Centaur Medium Tank
Selects Naval Bombardment
Matilda II Heavy Tank
Naval Bombardment
Vickers Machine Gun Team
Matilda II Heavy Tank
Kamilku
SZCZUPAK
OLD BIRD
MMMMMMMMMMMM
G.Scirea
luchianohan
0
0
Comments
sign in to comment!
No comments posted yet!